AoeStats
← aleshow

Nomad

503235295Analyzed
1v1 RM · 1mo ago on Aug 30, 2026· 49m 19s· 2 players
Game mode
Random Map
Map size
126×126
Population
200
Speed
Normal
Resources
Standard
Victory
Conquest
Starting age
Dark Age
Ending age
Imperial Age
RankedLock teamsTeams togetherTeam positionsShared explorationLock speedFull tech treeHidden civsTurbo modeCheats
Victory
Defeat
🇺🇸 Armenians · United States
808
+17
🇧🇷 Lithuanians · Brazil
819
-17
agentkkotov
9:29 Loom
17:10 Feudal Age
17:41 Double-Bit Axe
17:46 Gold Mining
17:46 Stone Mining
17:58 Man-at-Arms
18:53 Fishing Lines
19:53 Horse Collar
20:51 Wheelbarrow
20:04 Long Swordsman
26:39 Castle Age
26:40 Bloodlines
27:35 Light Cavalry
28:15 Husbandry
28:56 Forging
28:46 Scale Mail Armor
29:46 Heavy Plow
30:01 Bow Saw
30:26 Gold Shaft Mining
32:20 Hand Cart
39:15 Gillnets
39:09 Elite Skirmisher
44:17 Imperial Age
42:28 Two-Handed Swordsman
42:54 Gambesons
43:09 Squires
44:19 Arson
48:59 Elite Composite Bowman
aleshow
5:45 Loom
13:33 Feudal Age
14:02 Double-Bit Axe
20:21 Castle Age
18:13 Horse Collar
19:24 Wheelbarrow
25:25 Bow Saw
25:14 Crossbowman
28:11 Thumb Ring
33:39 Heavy Plow
34:54 Murder Holes
39:37 Imperial Age
37:22 Hand Cart
36:44 Pikeman
42:31 Two-Man Saw
43:29 Halberdier
47:50 Chemistry
48:25 Scale Mail Armor
48:37 Forging
48:18 Fletching
49:00 Cavalier
Connection lost

Rejoining the realm…

Still unreachable

The connection could not be restored.

Session expired

The server has moved on; the page needs a fresh start.